 Dungeon Crawl Stone Soup version 0.30.1-3-gfc49f6343a (webtiles) character file.

Game seed: 13586942937028029630

641 Peloso the Slasher (level 7, -1/60 HPs)
             Began as a Minotaur Fighter on July 27, 2023.
             Slain by an orc warrior
             ... wielding a +0 glaive
              (8 damage)
             ... on level 7 of the Dungeon.
             The game lasted 00:06:26 (3879 turns).

Peloso the Slasher (Minotaur Fighter)               Turns: 3879, Time: 00:06:26

Health: -1/60      AC: 11    Str: 20    XL:     7   Next: 26%
Magic:  6/6        EV:  8    Int:  5    God:
Gold:   188        SH:  0    Dex: 12    Spells: 6/6 levels left

rFire   . . .        a - +1 long sword
rCold   . . .        d - +0 buckler
rNeg    . . .        b - +0 chain mail
rPois   .            (helmet restricted)
rElec   .            c - +0 cloak
rCorr   .            (no gloves)
SInv    .            (no boots)
Will    .....        (no amulet) Stlth
                     (no ring)
HPRegen 0.30/turn    (no ring)
MPRegen 0.10/turn

%: no passive effects
@: confused
A: horns 2, retaliatory headbutt
a: no special abilities


You were on level 7 of the Dungeon.
You visited 1 branch of the dungeon, and saw 5 of its levels.

You collected 188 gold pieces.

Inventory:

Hand Weapons
 a - a +1 long sword (weapon)
Armour
 b - a +0 chain mail (worn)
 c - a +0 cloak (worn)
 d - a +0 buckler (worn)
Scrolls
 e - a scroll of amnesia {unknown}
 f - a scroll of immolation
 g - a scroll of teleportation
 n - a scroll of acquirement {unknown}
 o - 2 scrolls of identify
Potions
 h - a potion of might
 i - a potion of brilliance {unknown}
 l - a potion of magic
 m - a potion of lignification {unknown}
 p - a potion of resistance {unknown}


   Skills:
 + Level 4.9 Fighting
 + Level 6.7 Long Blades
 + Level 5.8 Armour
 + Level 1.8 Dodging
 + Level 1.0 Stealth
 + Level 4.6 Shields


You had 6 spell levels left.
You didn't know any spells.
Your spell library contained the following spells:

 Spells                   Type           Power      Damage    Failure   Level
 Cigotuvi's Dreadful Rot  Necr/Pois/Air  0%         N/A       100%        2
 Ignite Poison            Fire/Tmut/Pois 0%         N/A       100%        3
 Freezing Cloud           Conj/Ice/Air   0%         6-21      100%        5


Dungeon Overview and Level Annotations

Branches:
Dungeon (4/15)             Temple (0/1) D:7

Altars:
Dithmenos
Okawaru
Yredelemnul
The Shining One

Shops:
D:4 :


Innate Abilities, Weirdness & Mutations

You have a pair of horns on your head.
You reflexively headbutt those who attack you in melee.


Message History

You bump into the rock wall.
The orc wizard hits you with a +0 dagger.
* * * LOW HITPOINT WARNING * * *
The orc warrior hits you with a +0 glaive.
* * * LOW HITPOINT WARNING * * *
You bump into the rock wall.
The orc wizard hits you but does no damage.
The orc warrior hits you but does no damage.
Unknown command.
You bump into the stone wall.
The orc wizard points at you and mumbles some strange words.
The puff of flame hits you.
* * * LOW HITPOINT WARNING * * *
The orc warrior closely misses you.
Unknown command.
You hit the orc warrior. You headbutt the orc warrior.
The orc warrior is moderately wounded.
The orc wizard hits you but does no damage.
The orc warrior hits you but does no damage.
The orc wizard casts a spell at you.
You are more confused.
Unknown command.
You hit the orc warrior.
The orc warrior is moderately wounded.
You feel less invigorated.
The orc warrior hits you with a +0 glaive.
The orc wizard casts a spell at you.
You are more confused.
Unknown command.
You miss the orc warrior. You headbutt the orc warrior.
The orc warrior is heavily wounded.
The orc warrior hits you with a +0 glaive!
* * * LOW HITPOINT WARNING * * *
The orc wizard hits you with a +0 dagger.
* * * LOW HITPOINT WARNING * * *
Unknown command.
You hit the orc warrior but do no damage.
The orc warrior is heavily wounded.
The orc warrior hits you with a +0 glaive!
You die...

##............
##...........
#.........#..
#######......#..#.#
#.#.#.......###..##
###.....)......#..#
#.........#...##
##...o...###....
#.#@##..# ..##.
##.#o###..#..###.#...
#..#..##.... #..#...
#[........o)o......#.
#...##......:.. #....
#..## #..._...# ##...
#...##.........##....
#....................
#.....##.....# ..##..


You could see an orc warrior and an orc wizard.

Vanquished Creatures
  Sigmund (D:3)
  A sky beast (D:7)
  An ice beast (D:4)
  A gnoll sergeant (D:7)
  2 hounds (D:4)
  2 orc wizards
  4 gnolls
  3 adders
  2 worms
  2 dart slugs
  6 orcs
  3 ball pythons (D:1)
  3 bats
  6 endoplasms
  3 giant cockroaches (D:3)
  6 goblins
  2 hobgoblins
  4 quokkas
  2 frilled lizards (D:3)
  10 kobolds
  7 rats
71 creatures vanquished.

Notes
Turn   | Place    | Note
-------+----------+-------------------------------------------
     0 | D:1      | Peloso the Minotaur Fighter began the quest for the Orb.
     0 | D:1      | Reached XP level 1. HP: 19/19 MP: 0/0
   136 | D:1      | Reached XP level 2. HP: 18/27 MP: 1/1
   846 | D:2      | Reached XP level 3. HP: 33/33 MP: 2/2
  1010 | D:2      | Reached skill level 3 in Long Blades
  1615 | D:3      | Noticed Sigmund
  1777 | D:3      | Killed Sigmund
  1778 | D:3      | Reached skill level 5 in Long Blades
  1778 | D:3      | Reached XP level 4. HP: 14/41 MP: 3/3
  1778 | D:3      | Reached XP level 5. HP: 16/47 MP: 4/4
  2035 | D:3      | Found a glowing golden altar of the Shining One.
  2038 | D:3      | Noticed an angel
  2231 | D:3      | Found a basalt altar of Yredelemnul.
  2233 | D:3      | Noticed a profane servitor
  3175 | D:4      | Reached XP level 6. HP: 53/53 MP: 5/5
  3299 | D:4      | Reached skill level 1 in Dodging
  3306 | D:4      | Reached skill level 5 in Armour
  3398 | D:4      | Found Dipleq's Book Shoppe.
  3422 | D:4      | Reached skill level 6 in Long Blades
  3437 | D:4      | Noticed an ice beast
  3443 | D:4      | Killed an ice beast
  3445 | D:4      | Found an iron altar of Okawaru.
  3525 | D:4      | You fall into a shaft and drop 3 floors!
  3525 | D:7      | Found a shadowy altar of Dithmenos.
  3542 | D:7      | Noticed an orc warrior
  3584 | D:7      | Found a staircase to the Ecumenical Temple.
  3601 | D:7      | Noticed a sky beast
  3616 | D:7      | Killed a sky beast
  3617 | D:7      | Reached XP level 7. HP: 33/60 MP: 6/6
  3868 | D:7      | Reached skill level 1 in Stealth
  3879 | D:7      | Slain by an orc warrior

Illustrated notes

Levels and vault maps discovered:
D:1:      scummos_arrival_gate, layout_loops_cross
D:2:      layout_basic, nicolae_elevator_lobby_asterisk
D:3:      layout_basic, grunt_temple_overflow_holy_war, uniq_sigmund
D:4:      layout_loops_ring, nicolae_ru_awakened_eye, okawaru_metal_pillars_1_2,
          serial_shops, nicolae_shop_tiny_glass
D:7:      layout_cave_pools, amcnicky_altar_gilded,
          nicolae_dithmenos_shadow_blocks, minmay_temple_entry_from_below_a

Skill      XL: |  1  2  3  4  5  6  7 |
---------------+----------------------+-----
Armour         | 4 5 |  5.8
Shields        | 4 |  4.6
Fighting       | 4 |  4.9
Long Blades    | 5 6 |  6.7
Dodging        | 1 |  1.8
Stealth        | 1 |  1.0

Action                     |  1- 3 |  4- 6 |  7- 9 || total
---------------------------+-------+-------+-------++-------
  Melee: Long sword        |    87 |    75 |    21 ||   183
         Headbutt          |    13 |    16 |     4 ||    33
    Use: Potion            |     4 |     1 |     1 ||     6
         Scroll            |     2 |     7 |       ||     9
 Armour: Scale mail        |    26 |       |       ||    26
         Chain mail        |    23 |    42 |    15 ||    80
  Dodge: Dodged            |    34 |    27 |     4 ||    65
  Block: Buckler           |    20 |    16 |     8 ||    44
